 Dungeon Crawl Stone Soup version 0.25-a0-1036-g6f112fb (webtiles) character file.

Game seed: 4687058229731662723, levelgen mode: deterministic

21 Illumine the Firebug (level 2, -4/15 HPs)
             Began as a Gargoyle Fire Elementalist on May 12, 2020.
             Killed from afar by an orc wizard (14 damage)
             ... with a puff of flame
             ... on level 1 of the Dungeon.
             The game lasted 00:02:03 (962 turns).

Illumine the Firebug (Gargoyle Fire Elementalist)    Turns: 962, Time: 00:02:05

Health: -4/15      AC:  5    Str: 11    XL:     2   Next: 83%
Magic:  3/5        EV: 12    Int: 15    God:
Gold:   50         SH:  0    Dex: 10    Spells: 4/5 levels left

rFire    . . .     SeeInvis .   l - +1 spear (venom)
rCold    . . .     Gourm    .   (no shield)
rNeg     + . .     Faith    .   a - +0 robe
rPois    ∞         Spirit   .   g - +0 helmet
rElec    +         Reflect  .   (no cloak)
rCorr    .         Harm     .   (no gloves)
MR       .....     Rnd*Tele +   (no boots)
Stlth    +++.......             (no amulet)
HPRegen  0.05/turn              j - ring of stealth
MPRegen  0.09/turn              i - ring of teleportation (curse)

@: no status effects
A: negative energy resistance 1, electricity resistance, unbreathing,
petrification resistance, rot immunity, AC +2
a: no special abilities


You were on level 1 of the Dungeon.
You were hungry.

You visited 1 branch of the dungeon, and saw 2 of its levels.

You collected 50 gold pieces.

Inventory:

Hand Weapons
 l - a +1 spear of venom (weapon)
Missiles
 h - 27 stones (quivered)
Armour
 a - a +0 robe (worn)
 g - a +0 helmet (worn)
Jewellery
 i - a cursed ring of teleportation (right hand)
 j - a ring of stealth (left hand)
Scrolls
 b - a scroll of fear {unknown}
 e - 2 scrolls of identify
Comestibles
 c - 3 rations
 d - 5 chunks of flesh


   Skills:
 + Level 0.2 Polearms
 + Level 1.8 Dodging
 - Level 2.3 Stealth
 + Level 2.1 Spellcasting
 + Level 1.2 Conjurations
 + Level 3.5 Fire Magic


You had 4 spell levels left.
You knew the following spells:

 Your Spells              Type           Power        Failure   Level  Hunger
a - Foxfire               Conj/Fire      #...         9%          1    #......

Your spell library contained the following spells:

 Spells                   Type           Power        Failure   Level  Hunger
 Conjure Flame            Conj/Fire      #.......     24%         3    ###....
 Inner Flame              Hex/Fire       #.......     32%         3    ###....
 Sticky Flame             Conj/Fire      #.......     63%         4    #####..
 Fireball                 Conj/Fire      #.........   92%         5    ######.


Dungeon Overview and Level Annotations

Branches:
Dungeon (2/15)

Altars:
Okawaru


Innate Abilities, Weirdness & Mutations

You are resistant to torment.
Your stone body is resilient. (AC +2)
You are immune to poison.
You resist negative energy. (rN+)
You are resistant to electric shocks. (rElec)
You can survive without breathing.
You are immune to petrification.
You are immune to rotting.


Message History

You closely miss the orc wizard.
The orc wizard is moderately wounded.
You are feeling hungry.
The orc wizard points at you and mumbles some strange words.
The puff of frost misses you.
The orc wizard hits you with a +0 dagger of draining.
You hit the orc wizard but do no damage.
The orc wizard is poisoned.
The orc wizard is moderately wounded.
The orc wizard closely misses you.
You closely miss the orc wizard.
The orc wizard is moderately wounded.
The orc wizard barely misses you.
Casting: Foxfire (safe; 9% risk of failure)
Confirm with . or Enter, or press ? or * to list all spells.
You conjure some foxfire!
The orc wizard points at you and mumbles some strange words.
The puff of flame hits you!
Ouch! That really hurt!
You die...

############# #.
#...........# #.
#.####.####.# #.
#.####.####.# ####### #.
#.##.....##.# #.....# ##
#.##.#.#.##.# #.###.#
#.##.#......####.###.####
#>.....#v###.............
####.###@o...##..#.#.###.
#.# ########..#.#.###.
#.# #######.......##.
#####.# #.......##.#..##.
#.....# #.............##.
#.###.# #........#.......
#.#...# #.........###.##.
#.#.#.# #........## #.##.
#.....# #.......## #.##.


You could see an orc wizard (very poisoned).

Vanquished Creatures
  An orc (D:2)
  2 giant cockroaches (D:1)
  2 goblins (D:1)
  5 hobgoblins
  2 bats (D:1)
  2 frilled lizards (D:1)
  A kobold (D:1)
  4 rats
19 creatures vanquished.

Vanquished Creatures (others)
  38 foxfires
38 creatures vanquished.

Grand Total: 57 creatures vanquished

Notes
Turn   | Place    | Note
-------+----------+-------------------------------------------
     0 | D:1      | Illumine the Gargoyle Fire Elementalist began the quest for
                  | the Orb.
     0 | D:1      | Reached XP level 1. HP: 10/10 MP: 3/3
   247 | D:1      | Found an iron altar of Okawaru.
   278 | D:1      | Reached XP level 2. HP: 15/15 MP: 3/5
   962 | D:1      | Killed from afar by an orc wizard

Illustrated notes

Levels and vault maps discovered:
D:1:      scummos_arrival_star, layout_loops_cross, serial_bayou_pond_c,
          okawaru_ov_weapons_minmay
D:2:      layout_basic, led_sif_pool

Action                   || total
-------------------------++-------
Melee: Spear             ||    12
 Cast: Foxfire           ||    25
  Use: Scroll            ||     4
 Stab: Sleeping          ||     1
Armor: Robe              ||     1
Dodge: Dodged            ||     9

Table legend:
 A = Non-vault XP
 B = Vault XP
 C = Vault XP percentage of total XP
 D = Non-vault monster count
 E = Vault monster count
 F = Vault count percentage of total count
                 A         B        C        D         E       F
            +---------+---------+-------+---------+---------+-------
      Total |      30 |       0 |   0.0 |      19 |       0 |   0.0
            +---------+---------+-------+---------+---------+-------
        D:1 |      24 |       0 |   0.0 |      16 |       0 |   0.0
        D:2 |       6 |       0 |   0.0 |       3 |       0 |   0.0
            +---------+---------+-------+---------+---------+-------
